 Dungeon Crawl Stone Soup version 0.17-a0-435-gc4df345 (webtiles) character file.

51 krae the Cudgeler (level 3, -9/58 HPs)
             Began as an Ogre Berserker on Apr 4, 2015.
             Was a Follower of Trog.
             Mangled by Blork the orc
             ... wielding a +0 halberd
              (11 damage)
             ... on level 4 of the Dungeon.
             The game lasted 00:02:22 (931 turns).

krae the Cudgeler (Ogre Berserker)                   Turns: 931, Time: 00:02:22

Health: -9/58      AC:  3    Str: 27    XL:     3   Next: 81%
Magic:  3/3        EV: 10    Int:  6    God:    Trog [*.....]
Gold:   4          SH:  0    Dex: 10    Spells: 0 memorised, 2 levels left

rFire  . . .     SeeInvis .     a - +0 mace
rCold  . . .     Clarity  .     b - +0 animal skin
rNeg   . . .     SustAb   .     (no shield)
rPois  .         Gourm    .     (helmet restricted)
rElec  +         Spirit   .     (no cloak)
rCorr  .         Warding  .     (gloves unavailable)
rMut   .         Stasis   .     (boots unavailable)
MR     .....                    (no amulet)
Stlth  ..........               (no ring)
                                (no ring)

@: berserking, slowed, not resistant to hostile enchantments, extremely
unstealthy
A: unfitting armour, electricity resistance, tough skin 1
a: Burn Spellbooks, Berserk, Renounce Religion


You were on level 4 of the Dungeon.
You worshipped Trog.
Trog was aware of your devotion.
You were not hungry.

You visited 1 branch of the dungeon, and saw 4 of its levels.

You collected 4 gold pieces.


Innate Abilities, Weirdness & Mutations

You are too large for most types of armour.
You have tough skin (AC +1).
You are resistant to electric shocks.


   Skills:
 - Level 4.0 Fighting
 + Level 6.1 Maces & Flails
 - Level 2.6 Dodging


You had 2 spell levels left.
You didn't know any spells.

Inventory:

Hand weapons
 a - a +0 mace (weapon)
Armour
 b - a +0 animal skin (worn)
Scrolls
 f - a scroll of random uselessness {unknown}
Comestibles
 c - 2 bread rations

Dungeon Overview and Level Annotations

Branches:
Dungeon (4/15)
 Temple: D:4-7

Altars:
Ashenzari
Fedhas

Annotations:
D:4 Blork the orc

.......... ... .........
#.... ......... +.....
)........ ##+##....
........
#....<.##########+#.
+......#..........#.
#.o....#..........'.
###.#..O...+..##..##.##.
............#..##..##.#..
##.........#..##...'.+..
..............###'####..
.....###......##..##...#
....#_#......##...'...#
...#+#....+###...#...+ ##
#####...+...#...#
....#..##...#...#


You could see Blork the orc.


Message History

Drink which item? (? for menu, Esc to quit)
It was a potion of beneficial mutation.
You feel insulated.
You feel fantastic!
Blork the orc zaps a wand.
You resist with some effort.
Drink which item? (? for menu, Esc to quit)
It was a potion of restore abilities.
You feel refreshed.
Blork the orc points at you and mumbles some strange words.
The puff of frost hits you!
* * * LOW HITPOINT WARNING * * *
Blork the orc gestures at you while chanting.
The puff of frost hits you!
* * * LOW HITPOINT WARNING * * *
You aren't carrying any items that can be evoked.
Unknown command.
You aren't carrying any potions.
Unknown command.
Use which ability? (? or * to list)
A red film seems to cover your vision as you go berserk!
You feel yourself moving faster!
You feel mighty!
You feel somewhat more hungry.
Blork the orc mumbles some strange words.
You feel a wave of unholy energy pass over you.
You barely miss Blork the orc.
Blork the orc is heavily wounded.
Blork the orc zaps a wand.
You feel as though you will be slow longer.
You thump Blork the orc!
Blork the orc is almost dead.
Blork the orc hits you with a halberd!
You die...

Action                   || total
-------------------------++-------
Melee: Mace              ||    66
Invok: Berserk           ||     1
  Use: Potion            ||     3

Vault maps used:
D:1:      minmay_arrival_stair_chambers, bh_walls_and_bars
D:2:      lemuel_crystal_altar, lemuel_coloured_pillars_altar, fedhas_altar_2,
          uniq_robin
D:3:      minmay_stone_trees_small, uniq_jessica
D:4:      ashenzari_conservatory_becter, nicolae_ru_sacrificial_ziggurat,
          bloody_makhleb, uniq_crazy_yiuf_cottage, uniq_blork_the_orc

Notes
Turn   | Place    | Note
--------------------------------------------------------------
     0 | D:1      | krae, the Ogre Berserker, began the quest for the Orb.
     0 | D:1      | Reached XP level 1. HP: 24/24 MP: 1/1
    86 | D:2      | Found a blossoming altar of Fedhas.
   130 | D:4      | Reached XP level 2. HP: 14/32 MP: 2/2
   361 | D:4      | Reached skill level 5 in Maces & Flails
   401 | D:4      | Noticed an orc wizard
   420 | D:4      | Killed an orc wizard
   420 | D:4      | Reached XP level 3. HP: 12/39 MP: 3/3
   470 | D:4      | Reached skill level 6 in Maces & Flails
   915 | D:4      | Found a shattered altar of Ashenzari.
   919 | D:4      | Noticed Blork the orc
   927 | D:4      | Gained mutation: You are resistant to electric shocks. [potion of beneficial mutation]
   928 | D:4      | HP: 1/39 [Blork the orc/puff of frost (8)]
   931 | D:4      | Mangled by Blork the orc

Vanquished Creatures
  An orc wizard (D:4)
  An adder (D:4)
  3 orcs (D:4)
  A hobgoblin (D:1)
  4 bats
  A giant gecko (D:1)
  A giant newt (D:1)
  A goblin (D:4)
  4 rats
17 creatures vanquished.
